 Dungeon Crawl Stone Soup version 0.30.1-11-g7821555f0a (webtiles) character file.

Game seed: 13442236843290736883

509 FakeRyeBread the Covered (level 6, -1/55 HPs)
             Began as an Armataur Fighter on May 16, 2023.
             Splashed by a jelly's acid (3 damage)
             ... on level 4 of the Dungeon on Nov 1, 2023.
             The game lasted 00:14:40 (2857 turns).

FakeRyeBread the Covered (Armataur Fighter)         Turns: 2857, Time: 00:14:40

Health: -1/55      AC: 10    Str: 23    XL:     6   Next: 98%
Magic:  6/6        EV: 21    Int:  9    God:
Gold:   137        SH:  5    Dex:  9    Spells: 5/5 levels left

rFire   . . .        a - +1 flail
rCold   . . .        c - +1 buckler
rNeg    . . .        j - +0 chain mail
rPois   .            p - +0 helmet
rElec   .            (no cloak)
rCorr   .            (no gloves)
SInv    .            (no barding)
Will    .....        h - amulet of the acrobat Stlth
                     (no ring)
HPRegen 0.29/turn    (no ring)
MPRegen 0.10/turn

%: acrobat, roll
@: acrobatic
A: large, rugged brown scales 3, deformed body, armoured tail, roll, long
tongue, awkward tongue
a: no special abilities


You were on level 4 of the Dungeon.
You visited 1 branch of the dungeon, and saw 4 of its levels.

You collected 137 gold pieces.

Inventory:

Hand Weapons
 a - a +1 flail (weapon)
 f - a +1 whip of holy wrath
Missiles
 q - 4 javelins (quivered)
Armour
 b - a +0 scale mail
 c - a +1 buckler (worn)
 j - a +0 chain mail (worn)
 p - a +0 helmet (worn)
Jewellery
 e - an amulet of guardian spirit
 h - an amulet of the acrobat (around neck)
Wands
 l - a wand of charming (11)
 t - a wand of flame (10)
Potions
 d - a potion of might
 g - a potion of degeneration
 i - a potion of curing
 k - 2 potions of haste {unknown}
 m - a potion of cancellation {unknown}
 n - a potion of heal wounds {unknown}


   Skills:
 + Level 3.7 Fighting
 + Level 4.4 Maces & Flails
 + Level 5.9 Armour
 + Level 1.1 Dodging
 + Level 0.3 Stealth
 + Level 4.2 Shields


You had 5 spell levels left.
You didn't know any spells.
Your spell library was empty.

Dungeon Overview and Level Annotations

Branches:
Dungeon (4/15)
 Temple: D:4-7

Altars:
Dithmenos
Qazlal
Sif Muna


Innate Abilities, Weirdness & Mutations

You are completely covered in rugged brown scales. (AC +3, +7% HP)
Armour fits poorly on your strangely shaped body.
You have a long armoured tail.
You roll when moving toward enemies. (Rampage)
Your long tongue fully drains potion bottles. (2x potion effects)
Your tongue gives you trouble enunciating. (1.5x scroll delay)


Message History

The jelly completely misses you.
You barely miss the hound.
Your tail-slap misses the hound.
The hound bites you. The jelly barely misses you.
The hound bites you but does no damage.
You closely miss the hound. The hound bites you.
The jelly hits you but does no damage. The orc completely misses you.
The hound completely misses you. The orc hits you with a +0 dagger.
The jelly closely misses you.
An orc wizard comes into view.
It is wielding a +1 dagger of electrocution.
You closely miss the hound. The hound barely misses you.
The jelly hits you but does no damage. The hound bites you.
The orc barely misses you.
You barely miss the hound. The hound bites you but does no damage.
The jelly hits you but does no damage. The orc hits you but does no damage.
The hound barely misses you.
You closely miss the hound. You block the hound's attack.
The orc hits you but does no damage. You block the jelly's attack.
You thump the hound!
Your tail-slap misses the hound.
The hound is heavily wounded.
You block the hound's attack. The jelly completely misses you.
The hound barely misses you.
You sock the hound!
You kill the hound!
The jelly hits you.
You are splashed with acid.
You block the orc's attack. The orc wizard barely misses you.
The orc hits you but does no damage. The jelly barely misses you.
You sock the orc!
You kill the orc!
The jelly hits you but does no damage.
The orc wizard hits you with a +1 dagger of electrocution.
You are electrocuted!!
* * * LOW HITPOINT WARNING * * *
The jelly jiggles.
The orc wizard casts a spell.
The orc wizard flickers and vanishes!
Deactivating autopickup; reactivate with Ctrl-A.
Things that are here:
a +0 dagger; an orc corpse You sock the jelly!
Your hands burn!
You die...

##.. ? ...# .. .
...# ... ..
##....#### ....
...#...#..{@# .....
...l.#.####J#.....<
.........#..>......
.........)†##..(...
....####>†.# ......
. #.#.# ##.## #.#.#
# ....# #.....


You could see a jelly.

Vanquished Creatures
  A black bear (D:3)
  A scorpion (D:4)
  A hound (D:4)
  An orc priest (D:3)
  An iguana (D:4)
  Natasha (thrice) (D:3)
  An orc wizard (D:3)
  A gnoll (D:1)
  6 adders
  4 worms
  3 dart slugs
  15 orcs
  6 ball pythons
  8 bats
  6 endoplasms
  4 hobgoblins
  6 jackals
  2 kobolds
  5 quokkas
  4 frilled lizards
  7 goblins
  4 rats
90 creatures vanquished.

Notes
Turn   | Place    | Note
-------+----------+-------------------------------------------
     0 | D:1      | FakeRyeBread the Armataur Fighter began the quest for the
                  | Orb.
     0 | D:1      | Reached XP level 1. HP: 19/19 MP: 1/1
    20 | D:1      | Upgraded the game from 0.30.0-11-gf55b779eaf to
                  | 0.30.1-3-gfc49f6343a
   189 | D:1      | Reached XP level 2. HP: 11/26 MP: 2/2
   353 | D:1      | Reached skill level 4 in Armour
   431 | D:1      | Reached XP level 3. HP: 31/33 MP: 3/3
   668 | D:1      | Upgraded the game from 0.30.1-3-gfc49f6343a to
                  | 0.30.1-11-g7821555f0a
  1018 | D:2      | Reached XP level 4. HP: 40/40 MP: 4/4
  1562 | D:3      | Noticed a black bear
  1575 | D:3      | Killed a black bear
  1576 | D:3      | Reached XP level 5. HP: 16/48 MP: 5/5
  1758 | D:3      | Reached skill level 5 in Armour
  1925 | D:3      | Noticed Natasha
  1933 | D:3      | Killed Natasha
  1934 | D:3      | Reached XP level 6. HP: 52/54 MP: 6/6
  1955 | D:3      | Reached skill level 1 in Dodging
  2156 | D:3      | Found a stormy altar of Qazlal.
  2158 | D:3      | Found a shimmering blue altar of Sif Muna.
  2158 | D:3      | Noticed Natasha
  2160 | D:3      | Found a shadowy altar of Dithmenos.
  2169 | D:3      | Killed Natasha
  2465 | D:3      | Noticed Natasha
  2474 | D:3      | Killed Natasha
  2855 | D:4      | HP: 1/55 [orc wizard/+1 dagger of electrocution (18)]
  2857 | D:4      | Splashed by a jelly's acid

Illustrated notes

Levels and vault maps discovered:
D:1:      wander_arrival_abandoned_jail, layout_basic
D:2:      layout_basic
D:3:      layout_loops_corners, grunt_temple_overflow_open, uniq_natasha
D:4:      layout_rooms, minmay_temple_entry_glassed_door, serial_shops, shop

Skill      XL: |  1  2  3  4  5  6 |
---------------+-------------------+-----
Maces & Flails | 2 3 4 |  4.4
Armour         | 4 5 |  5.9
Fighting       | 3 |  3.7
Shields        | 4 |  4.2
Dodging        | 1 |  1.1
Stealth        | |  0.3

Action                     |  1- 3 |  4- 6 || total
---------------------------+-------+-------++-------
  Melee: Flail             |   122 |   165 ||   287
         Tailslap          |    10 |    18 ||    28
    Use: Scroll            |       |    10 ||    10
 Armour: Scale mail        |    82 |    62 ||   144
         Chain mail        |       |    51 ||    51
  Dodge: Dodged            |    51 |    73 ||   124
  Block: Buckler           |    30 |    46 ||    76
